 Dungeon Sprint DCSS version 0.21-a0-270-g8204059 (webtiles) character file.

338326 potatolord6000 the Axe Maniac (level 19, -11/207 HPs)
             Began as a Minotaur Gladiator on Sept 8, 2017.
             Was the Champion of Cheibriados.
             Killed from afar by an orb of fire (58 damage)
             ... with a fireball
             ... in the Dungeon (Sprint IX: "|||||||||||||||||||||||||||||") on Sept 13, 2017.
             The game lasted 00:29:01 (8734 turns).

potatolord6000 the Axe Maniac (Minotaur Gladiator)  Turns: 8734, Time: 00:29:02

Health: -11/207    AC: 40    Str: 40    XL:     19   Next: 70%
Magic:  20/33      EV: 33    Int: 21    God:    Cheibriados [******]
Gold:   1139       SH:  2    Dex: 26    Spells: 59/59 levels left

rFire    . . .     SeeInvis +   n - +5 battleaxe (chop)
rCold    . . .     Gourm    .   (shield currently unavailable)
rNeg     + + +     Faith    .   z - +4 plate armour {rF+}
rPois    .         Spirit   .   o - +2 hat {Int+3}
rElec    .         Reflect  +   y - +2 cloak
rCorr    .         Harm     .   x - +2 pair of gloves
MR       +....     NoTele   +   a - +2 pair of boots
Stlth    ..........             G - amulet "Hofeofro" {Reflect +Blink +Inv rF- SH+2}
HPRegen  0.44/turn              H - ring of Daem Fauhi {+Inv rN+++ Dex-3 Slay+3 SInv}
MPRegen  0.23/turn              J - +3 ring of slaying

@: very slow
A: retaliatory headbutt, horns 2, dopey 1, low mp 2, evolution 1, MP-powered
wands
}: 5/15 runes: decaying, serpentine, barnacled, silver, gossamer
a: Bend Time, Temporal Distortion, Slouch, Step From Time, Renounce Religion,
Evoke Blink, Evoke Invisibility


You were in the Dungeon.
You worshipped Cheibriados.
Cheibriados was exalted by your worship.
You were full.

You visited 1 branch You collected 1449 gold pieces.
You spent 310 gold pieces at shops.

Inventory:

Hand Weapons
 n - a +5 battleaxe of chopping (weapon)
Missiles
 l - 14 javelins of returning (quivered)
Armour
 a - a +2 pair of boots (worn)
 o - a +2 hat of intelligence (worn)
 x - a +2 pair of gloves (worn)
 y - a +2 cloak (worn)
 z - a +4 plate armour of fire resistance (worn)
Jewellery
 G - the amulet "Hofeofro" (around neck) {Reflect +Blink +Inv rF- SH+2}
   (You found it in the Dungeon)

   [amulet of reflection]

   It shields you and reflects attacks.
   It makes you vulnerable to fire.
   It lets you turn invisible.
   It lets you blink.
   It affects your SH (+2).
 H - the ring of Daem Fauhi (left hand) {+Inv rN+++ Dex-3 Slay+3 SInv}
   (You found it in the Dungeon)

   [ring of slaying]

   It affects your dexterity (-3).
   It affects your accuracy and damage with ranged weapons and melee attacks
   (+3).
   It renders you almost immune to negative energy.
   It lets you see invisible.
   It lets you turn invisible.
 J - a +3 ring of slaying (right hand)
Scrolls
 h - 5 scrolls of remove curse
 j - 2 scrolls of amnesia
 k - 3 scrolls of blinking
 r - 8 scrolls of fog
 s - a scroll of identify
 t - a scroll of fear
 A - 2 scrolls of recharging
 E - a scroll of magic mapping {unknown}
Potions
 b - 3 potions of brilliance
 c - 2 potions of resistance
 d - a potion of invisibility
 e - a potion of might
 g - 3 potions of curing
 i - 4 potions of magic
 p - a potion of ambrosia
 D - 2 potions of flight {unknown}
Books
 F - a Necronomicon

   Spells                             Type                      Level
   a - Haunt                          Necromancy/Summoning         7
   b - Borgnjor's Revivification      Necromancy                   8
   c - Death's Door                   Charms/Necromancy            8
   d - Infestation                    Necromancy                   8
   e - Necromutation                  Transmutation/Necromancy     8
Comestibles
 f - 11 meat rations
 u - 40 fruits
 v - 11 bread rations


   Skills:
 O Level 27 Fighting
 O Level 27 Axes
 O Level 27 Throwing
 O Level 27 Armour
 O Level 27 Dodging
 + Level 20.6 Spellcasting
 O Level 27 Invocations


You had 59 spell levels left.
You didn't know any spells.

Dungeon Overview and Level Annotations

Branches:
Dungeon (1/1)

Altars:
Cheibriados
Dithmenos
Elyvilon
Fedhas
Gozag
Hepliaklqana
Kikubaaqudgha
Makhleb
Nemelex Xobeh
Okawaru
Qazlal
Ru
Sif Muna
Trog
Uskayaw
Vehumet
Wu Jian
Xom
Yredelemnul
Zin
The Shining One
Beogh
Jiyva
Lugonu

Shops:
D (:*!


Innate Abilities, Weirdness & Mutations

You reflexively headbutt those who attack you in melee.
You have a pair of horns on your head.
You are dopey. (Int -2)
Your magical capacity is very low. (-20% MP)
You evolve.
You expend magic power (3 MP) to strengthen your wands.


Message History

The orb of fire glows red.
Strange energies course through your body.
Okay, then.
You can feel time thicken for a moment.
You feel somewhat less full.
The orb of fire glows red.
The bolt of fire hits you!
* * * LOW HITPOINT WARNING * * *
Unknown command.
You step out of the flow of time.
You return to the normal time flow.
You feel much better.
You feel much better.
You feel better.
You feel better.
You start resting.
The orb of fire glows yellow.
The fireball explodes!
The fireball engulfs you!
* * * LOW HITPOINT WARNING * * *
The orb of fire glows yellow.
The fireball explodes!
The fireball engulfs you!
You die...

▓[▓.▓)▓.▓.▓.▓(▓.♣[
▓.▓.▓.▓.▓.▓.▓)▓.♣†
▓.▓.▓.▓.▓.▓.▓(▓.♣.
▓.▓.▓.▓.▓.▓.▓)▓.♣.
▓.▓.▓.▓.▓.▓.▓)▓.♣.
▓*▓.▓.▓.▓.▓.▓[▓.♣.
▓.▓.▓)▓.▓.▓.▓)▓.♣.
▓.▓.▓)▓.▓.▓.▓(▓.♣.
▓@▓.▓)▓.▓!▓.▓[▓.♣.
▓.▓.▓)▓.▓.▓.▓)▓.♣.
▓.▓.▓)▓.▓.▓.▓.▓.♣.
▓.▓.▓)▓.▓.▓.▓.▓.♣.
▓.▓.▓.▓.▓.▓.▓.▓.▓'
▓+▓.▓.▓.▓.▓.▓.▓.▓)
▓.▓)▓.▓.▓.▓.▓.▓.
▓.▓.▓.▓.▓.▓.▓.▓)
▓.▓[▓.▓.▓.▓)▓.▓)


You could see an orb of fire.

Vanquished Creatures
  2 orbs of fire (D)
  4 ancient liches (D)
  Boris (D)
  Sojobo (D)
  Frederick (D)
  A Killer Klown (D)
  Xtahua (D)
  3 golden dragons (D)
  Jory (D)
  2 bone dragons (D)
  2 liches (D)
  3 electric golems (D)
  4 tentacled monstrosities (D)
  16 Orb Guardians (D)
  A quicksilver dragon (D)
  3 death cobs (D)
  4 storm dragons (D)
  9 shadow dragons (D)
  A sphinx (D)
  Frances (D)
  6 tengu reavers (D)
  5 nagarajas (D)
  A ghost moth (D)
  2 draconian scorchers (D)
  A fire giant (D)
  2 draconian knights (D)
  5 emperor scorpions (D)
  2 draconian shifters (D)
  4 vault wardens (D)
  2 draconian stormcallers (D)
  A draconian annihilator (D)
  5 stone giants (D)
  A war gargoyle (D)
  A vampire knight (D)
  3 very ugly things (D)
  An entropy weaver (D)
  A black draconian (D)
  5 green draconians (D)
  2 white draconians (D)
  2 spark wasps (D)
  5 yellow draconians (D)
  4 red draconians (D)
  A purple draconian (D)
  2 merfolk javelineers (D)
  2 ettins (D)
  A yaktaur captain (D)
  4 merfolk impalers (D)
  An ettin (shapeshifter) (D)
  6 fire dragons (D)
  2 rakshasas (D)
  9 hydras (D)
  25 vault guards (D)
  3 naga warriors (D)
  3 ice dragons (D)
  Erica (D)
  A merfolk avatar (D)
  2 two-headed ogres (D)
  4 centaur warriors (D)
  6 merfolk aquamancers (D)
  A death knight (D)
  2 alligators (D)
  2 deep troll shamans (D)
  A vampire mage (D)
  3 ogre magi (D)
  2 naga sharpshooters (D)
  4 orc high priests (D)
  A deep troll earth mage (D)
  A shock serpent (D)
  A spriggan berserker (D)
  A salamander mystic (D)
  A glowing orange brain (D)
  4 swamp dragons (D)
  A flayed ghost (D)
  7 orc knights (D)
  3 ironbrand convokers (D)
  2 orc sorcerers (D)
  A harpy (D)
  A mana viper (shapeshifter) (D)
  An ugly thing (D)
  A wolf spider (shapeshifter) (D)
  3 wolf spiders (D)
  A manticore (shapeshifter) (D)
  A cyclops (D)
  A manticore (D)
  9 moths of wrath (D)
  3 black mambas (D)
  2 merfolk sirens (D)
  3 guardian serpents (D)
  Joseph (D)
  A water nymph (D)
  4 vault sentinels (D)
  Maurice (D)
  A gargoyle (D)
  2 naga magi (D)
  2 spiny frogs (D)
  A demonic crawler (D)
  2 yaktaurs (D)
  2 komodo dragons (D)
  A guardian mummy (D)
  3 jumping spiders (D)
  A troll (D)
  4 hippogriffs (D)
  A tyrant leech (D)
  A bog body (D)
  3 hornets (D)
  A slime creature (D)
  2 snapping turtles (D)
  A blink frog (D)
  A tarantella (D)
  A wraith (D)
  A water elemental (D)
  A shadow (D)
  2 yaks (D)
  3 redbacks (D)
  Grum (D)
  A vampire mosquito (D)
  2 nagas (D)
  4 wargs (D)
  2 water moccasins (D)
  2 porcupines (D)
  A floating eye (D)
  13 orc warriors (D)
  A swamp drake (D)
  A boggart (D)
  An eye of draining (D)
  A phantom (D)
  2 centaurs (D)
  9 wolves (D)
  3 crocodiles (D)
  3 bullfrogs (D)
  5 orc priests (D)
  4 orc wizards (D)
  An iguana (D)
  A worker ant (D)
  An adder skeleton (D)
  A leopard gecko (D)
  10 orcs (D)
  2 bats (D)
  A giant cockroach (D)
  A jackal skeleton (D)
  A kobold (D)
  A quokka skeleton (D)
379 creatures vanquished.

Vanquished Creatures (others)
  Nikola (D)
  Ilsuiw (D)
  A guardian serpent (D)
  A guardian mummy (D)
  A swamp drake (D)
5 creatures vanquished.

Grand Total: 384 creatures vanquished

Notes
Turn   | Place    | Note
-------+----------+-------------------------------------------
     0 | D        | potatolord6000 the Minotaur Gladiator began the quest for the Orb.
     0 | D        | Reached XP level 1. HP: 18/18 MP: 0/0
     5 | D        | Reached skill level 1 in Armour
   106 | D        | Noticed a phantom
   106 | D        | Noticed a centaur
   106 | D        | Noticed a worker ant
   115 | D        | Reached XP level 2. HP: 27/27 MP: 1/1
   127 | D        | Killed a centaur
   127 | D        | Reached skill level 5 in Armour
   127 | D        | Reached XP level 3. HP: 9/38 MP: 2/2
   127 | D        | Reached XP level 4. HP: 11/45 MP: 3/3
   135 | D        | Killed a phantom
   135 | D        | Reached XP level 5. HP: 53/53 MP: 4/4
   141 | D        | Found a roughly hewn altar of Beogh.
   141 | D        | Found a snail-covered altar of Cheibriados.
   141 | D        | Found a shadowy altar of Dithmenos.
   141 | D        | Found a white marble altar of Elyvilon.
   141 | D        | Found a blossoming altar of Fedhas.
   141 | D        | Found an opulent altar of Gozag.
   142 | D        | Found a hazy altar of Hepliaklqana.
   143 | D        | Found a viscous altar of Jiyva.
   144 | D        | Found an ancient bone altar of Kikubaaqudgha.
   145 | D        | Became a worshipper of Cheibriados the Contemplative
   146 | D        | Found a corrupted altar of Lugonu.
   147 | D        | Found a burning altar of Makhleb.
   148 | D        | Found a sparkling altar of Nemelex Xobeh.
   149 | D        | Found an iron altar of Okawaru.
   150 | D        | Found a stormy altar of Qazlal.
   151 | D        | Found a sacrificial altar of Ru.
   152 | D        | Found a deep blue altar of Sif Muna.
   153 | D        | Found a bloodstained altar of Trog.
   154 | D        | Found a hide-covered altar of Uskayaw.
   155 | D        | Found a radiant altar of Vehumet.
   156 | D        | Found an ornate altar of the Wu Jian Council.
   157 | D        | Found a shimmering altar of Xom.
   158 | D        | Found a basalt altar of Yredelemnul.
   159 | D        | Found a glowing silver altar of Zin.
   160 | D        | Found a glowing golden altar of the Shining One.
   214 | D        | Noticed a hippogriff
   214 | D        | Noticed an orc warrior
   214 | D        | Noticed a centaur
   214 | D        | Noticed a two-headed ogre
   214 | D        | Noticed a yak
   217 | D        | Killed a hippogriff
   217 | D        | Reached skill level 5 in Dodging
   217 | D        | Reached XP level 6. HP: 51/63 MP: 4/7
   225 | D        | Killed a two-headed ogre
   225 | D        | Reached skill level 10 in Fighting
   225 | D        | Reached skill level 10 in Armour
   225 | D        | Reached XP level 7. HP: 45/73 MP: 1/10
   225 | D        | Reached XP level 8. HP: 49/81 MP: 1/11
   230 | D        | Reached * piety under Cheibriados
   238 | D        | Reached ** piety under Cheibriados
   358 | D        | Noticed a gargoyle
   366 | D        | Killed a gargoyle
   366 | D        | Reached *** piety under Cheibriados
   374 | D        | Reached **** piety under Cheibriados
   571 | D        | Noticed a spiny frog
   574 | D        | Noticed a hippogriff
   576 | D        | Reached ***** piety under Cheibriados
   576 | D        | Reached XP level 9. HP: 88/90 MP: 13/13
   584 | D        | Killed a spiny frog
   588 | D        | Reached ****** piety under Cheibriados
   588 | D        | Reached skill level 10 in Dodging
   618 | D        | Noticed a komodo dragon
   618 | D        | Noticed a spiny frog
   621 | D        | Noticed a black mamba
   623 | D        | Noticed a komodo dragon
   623 | D        | Killed a komodo dragon
   630 | D        | Killed a spiny frog
   634 | D        | Killed a black mamba
   634 | D        | Reached XP level 10. HP: 80/101 MP: 14/16
   772 | D        | Reached skill level 10 in Invocations
   836 | D        | Noticed Grum
   841 | D        | Killed Grum
  1040 | D        | Noticed an orc knight
  1050 | D        | Killed an orc knight
  1056 | D        | Noticed an orc high priest
  1066 | D        | Noticed a rust devil
  1066 | D        | Noticed a smoke demon
  1071 | D        | Killed an orc high priest
  1071 | D        | Reached XP level 11. HP: 66/111 MP: 18/18
  1092 | D        | Found Samuy's Weapon Emporium.
  1092 | D        | Noticed an orc sorcerer
  1092 | D        | Noticed an orc high priest
  1092 | D        | Noticed an orc knight
  1092 | D        | Noticed an orc knight
  1092 | D        | Paralysed by an orc sorcerer for 2 turns
  1094 | D        | Noticed an orc sorcerer
  1095 | D        | Killed an orc sorcerer
  1095 | D        | Reached skill level 15 in Axes
  1097 | D        | Killed an orc high priest
  1097 | D        | Reached skill level 15 in Fighting
  1102 | D        | Killed an orc knight
  1102 | D        | Reached skill level 15 in Armour
  1105 | D        | Noticed an orc knight
  1105 | D        | Killed an orc knight
  1107 | D        | Killed an orc sorcerer
  1108 | D        | Found Qoraez's Book Shoppe.
  1115 | D        | Killed an orc knight
  1120 | D        | Found Emufak's Assorted Antiques.
  1122 | D        | Noticed an orc high priest
  1123 | D        | Found Qawami's Distillery.
  1127 | D        | Noticed an orc knight
  1128 | D        | Noticed an orc high priest
  1132 | D        | Killed an orc high priest
  1137 | D        | Noticed a sun demon
  1140 | D        | Killed an orc knight
  1143 | D        | Killed an orc high priest
  1176 | D        | Bought a potion of might for 40 gold pieces
  1176 | D        | Bought a potion of curing for 30 gold pieces
  1176 | D        | Bought 2 potions of ambrosia for 160 gold pieces
  1176 | D        | Bought a potion of heal wounds for 50 gold pieces
  1176 | D        | Bought a potion of curing for 30 gold pieces
  1389 | D        | Noticed Erica
  1398 | D        | Killed Erica
  1553 | D        | Noticed Joseph
  1562 | D        | Killed Joseph
  1641 | D        | Got the cursed +1 chain mail of Anarchy {rF+ Int+3 SInv Stlth+}
  1681 | D        | Noticed a fire dragon
  1681 | D        | Noticed a two-headed ogre
  1687 | D        | Noticed a red very ugly thing
  1687 | D        | Killed a fire dragon
  1689 | D        | Killed a two-headed ogre
  1690 | D        | Noticed a tengu reaver
  1693 | D        | Noticed a rakshasa
  1698 | D        | Killed a red very ugly thing
  1698 | D        | Reached XP level 12. HP: 109/124 MP: 17/20
  1708 | D        | Killed a tengu reaver
  1710 | D        | Noticed a deep troll shaman
  1723 | D        | Killed a deep troll shaman
  1729 | D        | Killed a rakshasa
  1731 | D        | Noticed a fire dragon
  1732 | D        | Noticed a stone giant
  1733 | D        | Noticed a centaur warrior
  1736 | D        | Killed a fire dragon
  1736 | D        | Reached skill level 15 in Dodging
  1739 | D        | Killed a stone giant
  1742 | D        | Killed a centaur warrior
  2064 | D        | Noticed Frances
  2071 | D        | Killed Frances
  2303 | D        | Noticed Maurice
  2307 | D        | Killed Maurice
  2366 | D        | Noticed an entropy weaver
  2374 | D        | Killed an entropy weaver
  2404 | D        | Noticed a merfolk aquamancer
  2419 | D        | Killed a merfolk aquamancer
  2419 | D        | Reached XP level 13. HP: 125/134 MP: 22/22
  2454 | D        | Noticed a nagaraja
  2460 | D        | Killed a nagaraja
  2460 | D        | Reached skill level 15 in Invocations
  2497 | D        | HP: 3/136 [shock serpent (10)]
  3086 | D        | Noticed a stone giant
  3086 | D        | Noticed a fire dragon
  3090 | D        | Noticed a tengu reaver
  3090 | D        | Noticed an ettin
  3090 | D        | a wolf spider changed into an ettin
  3091 | D        | Noticed a fire giant
  3093 | D        | Killed an ettin
  3095 | D        | Noticed a cyan very ugly thing
  3098 | D        | Killed a stone giant
  3105 | D        | Killed a fire dragon
  3106 | D        | Noticed a fire dragon
  3110 | D        | Killed a tengu reaver
  3115 | D        | Killed a fire giant
  3119 | D        | Killed a cyan very ugly thing
  3122 | D        | Killed a fire dragon
  3125 | D        | Reached XP level 14. HP: 44/148 MP: 4/25
  3165 | D        | Noticed a stone giant
  3640 | D        | Noticed a vault warden
  3656 | D        | Killed a vault warden
  3709 | D        | Noticed Sojobo
  3711 | D        | Noticed a tengu reaver
  3711 | D        | Noticed a tengu reaver
  3715 | D        | Killed a tengu reaver
  3715 | D        | Killed a tengu reaver
  3727 | D        | Killed Sojobo
  4080 | D        | Noticed a nagaraja
  4080 | D        | Noticed a nagaraja
  4080 | D        | Noticed a nagaraja
  4085 | D        | Noticed a nagaraja
  4088 | D        | Killed a nagaraja
  4093 | D        | Killed a nagaraja
  4099 | D        | Killed a nagaraja
  4102 | D        | Killed a nagaraja
  4106 | D        | Reached XP level 15. HP: 81/160 MP: 23/27
  4122 | D        | Got a serpentine rune of Zot
  4491 | D        | Noticed a ghost moth
  4513 | D        | Killed a ghost moth
  4913 | D        | Got a gossamer rune of Zot
  4971 | D        | Got a decaying rune of Zot
  5035 | D        | Noticed Ilsuiw
  5056 | D        | Killed Ilsuiw
  5073 | D        | Got a barnacled rune of Zot
  5259 | D        | Reached skill level 5 in Throwing
  5275 | D        | Reached XP level 16. HP: 176/176 MP: 29/29
  5387 | D        | Noticed a golden dragon
  5404 | D        | Killed a golden dragon
  5407 | D        | Noticed a lich
  5409 | D        | Noticed a shadow dragon
  5417 | D        | Killed a lich
  5417 | D        | Reached skill level 10 in Throwing
  5419 | D        | Noticed a shadow dragon
  5427 | D        | Killed a shadow dragon
  5446 | D        | Killed a shadow dragon
  5453 | D        | Noticed an Orb Guardian
  5453 | D        | Noticed Boris
  5463 | D        | Killed Boris
  5475 | D        | Killed an Orb Guardian
  5764 | D        | Noticed a shadow dragon
  5764 | D        | Noticed a sphinx
  5764 | D        | Noticed a tentacled monstrosity
  5764 | D        | Noticed a shadow dragon
  5770 | D        | Killed a shadow dragon
  5777 | D        | Noticed a shadow dragon
  5778 | D        | Killed a tentacled monstrosity
  5780 | D        | Noticed a shadow dragon
  5780 | D        | Killed a sphinx
  5789 | D        | Killed a shadow dragon
  5792 | D        | Reached XP level 17. HP: 130/190 MP: 30/30
  5820 | D        | Got a silver rune of Zot
  5822 | D        | Got a sparkling bone ring
  5835 | D        | Identified the ring of the Cockroach {Ice rPois Str-3 Int+5 Stlth+} (You found it in the Dungeon)
  5839 | D        | Upgraded the game from 0.21-a0-264-g3e31e41 to 0.21-a0-270-g8204059
  6069 | D        | Noticed Nikola
  6077 | D        | Killed Nikola
  6077 | D        | Reached skill level 27 in Axes
  6469 | D        | Noticed Xtahua
  6473 | D        | Killed Xtahua
  6473 | D        | Reached skill level 27 in Fighting
  6473 | D        | Reached skill level 27 in Armour
  6492 | D        | Noticed Jory
  6507 | D        | Killed Jory
  6528 | D        | Got the ring of Ru's Brutal Revenge {rCorr Int+3}
  6530 | D        | Got the amulet "Hofeofro" {Reflect +Blink +Inv rF- SH+2}
  6532 | D        | Got the ring of Daem Fauhi {+Inv rN+++ Dex-3 Slay+3 SInv}
  6534 | D        | Got the ring "Vicyp" {Str+3 Int+2 Dex+3}
  6660 | D        | Noticed Frederick
  6672 | D        | Killed Frederick
  6672 | D        | Reached skill level 15 in Throwing
  6720 | D        | Noticed a lich
  6739 | D        | Killed a lich
  6918 | D        | Noticed a bone dragon
  6918 | D        | Noticed a bone dragon
  6921 | D        | Killed a bone dragon
  6921 | D        | Reached skill level 27 in Dodging
  6930 | D        | Killed a bone dragon
  7028 | D        | Noticed a golden dragon
  7034 | D        | Killed a golden dragon
  7113 | D        | Reached XP level 18. HP: 132/200 MP: 31/31
  7397 | D        | Reached skill level 1 in Spellcasting
  7572 | D        | Noticed a tentacled monstrosity
  7578 | D        | Noticed a Killer Klown
  7582 | D        | Noticed a tentacled monstrosity
  7585 | D        | Killed a Killer Klown
  7585 | D        | Reached skill level 5 in Spellcasting
  7588 | D        | Killed a tentacled monstrosity
  7594 | D        | Killed a tentacled monstrosity
  7594 | D        | Reached skill level 27 in Throwing
  7764 | D        | Noticed an Orb Guardian
  7764 | D        | Noticed an Orb Guardian
  7764 | D        | Noticed an Orb Guardian
  7764 | D        | Noticed an Orb Guardian
  7764 | D        | Noticed an Orb Guardian
  7764 | D        | Noticed an Orb Guardian
  7766 | D        | Killed an Orb Guardian
  7769 | D        | Noticed an Orb Guardian
  7770 | D        | Killed an Orb Guardian
  7773 | D        | Killed an Orb Guardian
  7776 | D        | Killed an Orb Guardian
  7781 | D        | Killed an Orb Guardian
  7781 | D        | Reached skill level 10 in Spellcasting
  7782 | D        | Killed an Orb Guardian
  7786 | D        | Killed an Orb Guardian
  7787 | D        | Noticed an Orb Guardian
  7788 | D        | Noticed an Orb Guardian
  7790 | D        | Killed an Orb Guardian
  7791 | D        | Noticed an Orb Guardian
  7795 | D        | Killed an Orb Guardian
  7798 | D        | Killed an Orb Guardian
  7921 | D        | Noticed a tentacled monstrosity
  7921 | D        | Noticed an Orb Guardian
  7921 | D        | Noticed an Orb Guardian
  7924 | D        | Killed a tentacled monstrosity
  7926 | D        | Killed an Orb Guardian
  7927 | D        | Noticed an Orb Guardian
  7930 | D        | Noticed an Orb Guardian
  7932 | D        | Killed an Orb Guardian
  7942 | D        | Killed an Orb Guardian
  7944 | D        | Killed an Orb Guardian
  7952 | D        | Noticed an ancient lich
  7958 | D        | Killed an ancient lich
  7958 | D        | Reached XP level 19. HP: 105/207 MP: 34/36
  8239 | D        | Noticed an orb of fire
  8252 | D        | Gained mutation: You expend magic power (3 MP) to strengthen your wands. [an orb of fire]
  8254 | D        | Killed an orb of fire
  8552 | D        | Noticed an electric golem
  8559 | D        | Killed an electric golem
  8559 | D        | Reached skill level 15 in Spellcasting
  8589 | D        | Noticed an ancient lich
  8589 | D        | Noticed a golden dragon
  8589 | D        | Noticed an orb of fire
  8589 | D        | Noticed an electric golem
  8591 | D        | Noticed an orb of fire
  8604 | D        | Killed an ancient lich
  8604 | D        | Reached skill level 27 in Invocations
  8610 | D        | Noticed an orb of fire
  8612 | D        | Gained mutation: You are dopey. (Int -2) [an orb of fire]
  8616 | D        | HP: 8/207 [orb of fire/fireball (20)]
  8617 | D        | Gained mutation: Your magical capacity is low. (-10% MP) [an orb of fire]
  8621 | D        | Gained mutation: Your magical capacity is very low. (-20% MP) [an orb of fire]
  8625 | D        | Gained mutation: You evolve. [an orb of fire]
  8630 | D        | Killed an orb of fire
  8633 | D        | Killed an electric golem
  8638 | D        | Killed a golden dragon
  8652 | D        | Noticed an ancient lich
  8653 | D        | Noticed an electric golem
  8654 | D        | Noticed an ancient lich
  8658 | D        | Killed an ancient lich
  8662 | D        | Killed an ancient lich
  8668 | D        | Killed an electric golem
  8734 | D        | Killed from afar by an orb of fire

Vault maps used:
D:        linesprint

Skill      XL: |  1  2  3  4  5  6  7  8  9 10 11 12 13 14 15 16 17 18 19 |
---------------+----------------------------------------------------------+-----
Armour         | 2 5 7 8 10 11 13 14 16 18 19 22 24 26 27 | 27.0
Fighting       | 3 6 8 9 10 11 13 14 16 18 20 22 24 26 27 | 27.0
Axes           | 4 6 8 9 11 12 13 14 16 18 20 22 24 26 27 | 27.0
Dodging        | 5 7 9 10 12 14 16 18 20 22 24 27 | 27.0
Invocations    | 3 6 7 9 11 13 14 16 18 20 25 27 | 27.0
Throwing       | 5 13 24 27 | 27.0
Spellcasting   | 14 20 | 20.6

Action                   |  1- 3 |  4- 6 |  7- 9 | 10-12 | 13-15 | 16-18 | 19-21 || total
-------------------------+-------+-------+-------+-------+-------+-------+-------++-------
Melee: War axe           |    25 |     6 |       |       |       |       |       ||    31
       Headbutt          |     3 |     3 |    19 |    87 |   110 |   157 |    24 ||   403
       Broad axe         |       |     6 |    63 |   212 |   135 |       |       ||   416
       Battleaxe         |       |       |       |       |   174 |   424 |    56 ||   654
Throw: Javelin           |       |       |       |       |       |    18 |       ||    18
Invok: Bend Time         |       |     1 |       |       |     2 |       |       ||     3
       Slouch            |       |       |       |       |    21 |     2 |     4 ||    27
       Step From Time    |       |       |       |       |     1 |       |     2 ||     3
  Use: Potion            |     2 |     3 |       |     7 |     5 |     3 |    14 ||    34
       Scroll            |       |     1 |     2 |     4 |     4 |    10 |       ||    21
  Eat: Bread ration      |       |       |       |     1 |       |     1 |       ||     2
       Meat ration       |       |       |       |     1 |       |     2 |       ||     3
Armor: Leather armour    |     1 |       |       |       |       |       |       ||     1
       Chain mail        |       |     4 |    12 |    55 |   108 |    39 |       ||   218
       Plate armour      |       |       |       |       |       |    58 |    14 ||    72
Dodge: Dodged            |    21 |     5 |    39 |   191 |   449 |   397 |    80 ||  1182
Block: Other             |       |       |       |       |       |    10 |       ||    10

Table legend:
 A = Spawn XP
 B = Non-spawn XP
 C = Spawn XP percentage of total XP
 D = Spawn monster count
 E = Non-spawn monster count
 F = Spawn count percentage of total count
 G = Total turns spent on level
                    A         B        C        D         E        F      G
               +---------+---------+-------+---------+---------+-------+---------
         Total |       0 |  445815 |   0.0 |       0 |     383 |   0.0 |  8734
               +---------+---------+-------+---------+---------+-------+---------
             D |       0 |  445815 |   0.0 |       0 |     383 |   0.0 |  8734
               +---------+---------+-------+---------+---------+-------+---------
